 Dungeon Crawl Stone Soup version 0.30.1-3-gfc49f6343a (webtiles) character file.

Game seed: 4335988074195544034

7198 Peloso the Carver (level 10, -4/91 HPs)
             Began as a Minotaur Fighter on July 19, 2023.
             Was a Follower of Okawaru.
             Slain by a gnoll sergeant
             ... wielding a +0 trident
              (9 damage)
             ... on level 9 of the Dungeon.
             The game lasted 00:20:29 (10195 turns).

Peloso the Carver (Minotaur Fighter)               Turns: 10195, Time: 00:20:29

Health: -4/91      AC: 17    Str: 24    XL:     10   Next: 87%
Magic:  9/9        EV:  7    Int:  5    God:    Okawaru [*.....]
Gold:   1423       SH:  5    Dex: 11    Spells: 9/9 levels left

rFire   . . .        a - +2 scimitar (flame)
rCold   . . .        d - +0 buckler
rNeg    + . .        m - +0 plate armour
rPois   +            (helmet restricted)
rElec   .            C - +1 cloak {rCorr}
rCorr   +            (no gloves)
SInv    .            (no boots)
Will    .....        (no amulet) Stlth
                     n - ring of poison resistance
HPRegen 0.35/turn    e - ring of positive energy
MPRegen 0.11/turn

%: no passive effects
@: studying Air Magic
A: horns 2, retaliatory headbutt
a: Renounce Religion, Heroism


You were on level 9 of the Dungeon.
You worshipped Okawaru.
Okawaru was aware of your devotion.
You visited 2 branches of the dungeon, and saw 10 of its levels.
You also visited: Ossuary and Bailey.

You collected 1475 gold pieces.
You spent 52 gold pieces at shops.

Inventory:

Hand Weapons
 a - a +2 scimitar of flaming (weapon)
 b - a +0 long sword
Armour
 c - a +1 cloak
 d - a +0 buckler (worn)
 m - a +0 plate armour (worn)
 C - a +1 cloak of preservation (worn)
Jewellery
 e - a ring of positive energy (right hand)
 n - a ring of poison resistance (left hand)
 w - the ring "Benecsil" {rC+ Will++ MP+9 Str+6 Slay-3}
   (You found it on level 5 of the Dungeon)

   [ring of strength]

   Str:       It affects your strength (+6).
   Slay:      It affects your accuracy & damage with ranged weapons and melee
   (-3).
   rC:        It protects you from cold.
   MP:        It affects your magic capacity (+9).
   Will:      It greatly increases your willpower.
 z - a +6 ring of intelligence
 B - a +6 ring of dexterity
 I - a ring of fire
Wands
 x - a wand of paralysis (6)
 A - a wand of iceblast (2)
 E - a wand of flame (28)
Scrolls
 h - 2 scrolls of fear
 i - a scroll of acquirement
 r - 2 scrolls of magic mapping
 t - 2 scrolls of noise
 u - 2 scrolls of teleportation
 v - 3 scrolls of blinking
 y - a scroll of enchant weapon {unknown}
 D - a scroll of silence {unknown}
 F - a scroll of fog {unknown}
 G - 2 scrolls of poison
 H - a scroll of butterflies {unknown}
 K - a scroll of identify
Potions
 f - 5 potions of heal wounds
 g - a potion of cancellation
 j - 3 potions of might
 k - 3 potions of curing
 l - 3 potions of invisibility
 o - 2 potions of brilliance
 p - 3 potions of degeneration
 q - a potion of mutation
 s - a potion of haste {unknown}
Miscellaneous
 J - a condenser vane


   Skills:
 + Level 9.1 Fighting
 + Level 13.3 Long Blades
 + Level 10.8 Armour
 + Level 1.3 Dodging
 + Level 1.0 Stealth
 + Level 7.6 Shields
 + Level 1.0 Evocations


You had 9 spell levels left.
You didn't know any spells.
Your spell library contained the following spells:

 Spells                   Type           Power      Damage    Failure   Level
 Magic Dart               Conj           0%         1d3       100%        1
 Slow                     Hex            0%         N/A       100%        1
 Sting                    Tmut/Pois      0%         1d3       100%        1
 Ensorcelled Hibernation  Hex/Ice        0%         N/A       100%        2
 Poisonous Vapours        Pois/Air       0%         N/A       100%        2
 Confusing Touch          Hex            0%         N/A       100%        3
 Frozen Ramparts          Ice            0%         1d1       100%        3
 Mephitic Cloud           Conj/Pois/Air  0%         N/A       100%        3
 Ozocubu's Armour         Ice            0%         N/A       100%        3
 Spider Form              Tmut/Pois      0%         N/A       100%        3
 Stone Arrow              Conj/Erth      0%         3d7       100%        3
 Vampiric Draining        Necr           0%         2d6       100%        3
 Anguish                  Hex/Necr       0%         N/A       100%        4
 Ice Form                 Ice/Tmut       0%         N/A       100%        4
 Olgreb's Toxic Radiance  Pois           0%         N/A       100%        4
 Metabolic Englaciation   Hex/Ice        0%         N/A       100%        5
 Lehudib's Crystal Spear  Conj/Erth      0%         10d2      100%        8
 Call Imp                 Summ           Unusable   N/A       N/A         2
 Animate Armour           Summ/Erth      Unusable   N/A       N/A         4
 Summon Ice Beast         Ice/Summ       Unusable   N/A       N/A         4
 Simulacrum               Ice/Necr       Unusable   N/A       N/A         6

Dungeon Overview and Level Annotations

Branches:
Dungeon (9/15)             Temple (1/1) D:7            Lair (0/5) D:9
Ossuary (visited)          Bailey (visited)
    Orc: D:9-12

Altars:
Ashenzari
Cheibriados
Elyvilon
Fedhas
Gozag
Hepliaklqana
Kikubaaqudgha
Makhleb
Okawaru
Qazlal
Ru
Sif Muna
Trog
Uskayaw
Vehumet
Wu Jian
Xom
Yredelemnul
Zin
The Shining One

Shops:
D:3 [!

Annotations:
D:3 2 transporters, engelados's ghost, novice OpCj


Innate Abilities, Weirdness & Mutations

You have a pair of horns on your head.
You reflexively headbutt those who attack you in melee.


Message History

You barely miss the gnoll.
The gnoll sergeant hits you with a +0 trident.
The gnoll hits you but does no damage.
The gnoll hits you from afar with a +0 spear.
The gnoll barely misses you. You furiously retaliate!
You headbutt the gnoll.
Unknown command.
You closely miss the gnoll sergeant.
You headbutt the gnoll sergeant, but do no damage.
The gnoll sergeant drinks a potion.
The gnoll sergeant goes berserk!
You block the gnoll's attack.
The gnoll hits you but does no damage. x2
Unknown command.
You hit the gnoll sergeant but do no damage.
Your headbutt misses the gnoll sergeant.
You block the gnoll sergeant's attack.
You hit the gnoll sergeant but do no damage.
You headbutt the gnoll sergeant.
The gnoll sergeant is lightly wounded.
The gnoll hits you but does no damage. The gnoll hits you with a +0 spear.
The gnoll barely misses you. You block the gnoll's attack.
The gnoll sergeant hits you with a +0 trident!!
You hit the gnoll sergeant. You burn the gnoll sergeant.
The gnoll sergeant is moderately wounded.
The gnoll sergeant hits you with a +0 trident.
* * * LOW HITPOINT WARNING * * *
The gnoll hits you but does no damage. You block the gnoll's attack. x3
Unknown command.
You hit the gnoll sergeant. You burn the gnoll sergeant.
The gnoll sergeant is heavily wounded.
The gnoll sergeant hits you with a +0 trident!!
* * * LOW HITPOINT WARNING * * *
Unknown command.
The gnoll hits you from afar with a +0 spear.
* * * LOW HITPOINT WARNING * * *
The gnoll sergeant closely misses you. You block the gnoll sergeant's attack.
The gnoll sergeant hits you from afar with a +0 trident.
* * * LOW HITPOINT WARNING * * *
You see here a howler monkey corpse.
The gnoll sergeant hits you from afar with a +0 trident!
You die...

. ####### .# #. ..#
#.....# ... ).
....####...).# #.# #.
#.....<....# .....
####.>.....# #.#.
##.......# ...
######(.#.....#
.#.#.#.##g@†)..##.....#
......gg..#######.....#
.#.#.#.#g## #######
.......g# #.#.#.###
...## ... ###


You could see a gnoll sergeant (berserk) and 4 gnolls.

Vanquished Creatures
  Erica (D:8)
  Pikel (D:4)
  Joseph (D:8)
  Prince Ribbit (D:5)
  3 wraiths
  A wyvern (D:7)
  6 yaks (D:7)
  Edmund (D:5)
  3 water moccasins
  Duvessa (D:5)
  An ice beast (D:5)
  4 orc warriors
  3 sky beasts (D:7)
  2 ogres (D:5)
  4 centaurs
  6 kobold brigands
  A gnoll sergeant (D:8)
  2 bullfrogs (D:7)
  An elf zombie (Ossuary)
  5 wights
  Dowan (D:5)
  7 killer bees (D:9)
  3 howler monkeys
  2 centaur zombies (D:4)
  A hound (D:6)
  2 jellies
  Crazy Yiuf (D:6)
  An orc priest (D:7)
  2 gnoll boudas
  3 sleepcaps
  A human zombie (D:4)
  An iguana (D:5)
  3 scorpion zombies (D:4)
  5 orc wizards
  Terence (D:2)
  2 hound zombies (D:4)
  5 mummies
  Robin (D:2)
  7 adders
  8 gnolls
  A shadow imp (D:6)
  5 ufetubi
  An adder zombie (D:4)
  2 worms
  4 dart slugs
  13 orcs
  8 endoplasms
  3 giant cockroaches
  16 goblins
  5 hobgoblins
  9 jackals
  6 quokkas
  7 ball pythons
  4 bats
  5 frilled lizards
  A goblin zombie (Ossuary)
  19 kobolds
  A kobold zombie (Ossuary)
  2 orc zombies (Ossuary)
  3 rats
220 creatures vanquished.

Vanquished Creatures (others)
  2 orc wizards
2 creatures vanquished.

Grand Total: 222 creatures vanquished

Notes
Turn   | Place    | Note
-------+----------+-------------------------------------------
     0 | D:1      | Peloso the Minotaur Fighter began the quest for the Orb.
     0 | D:1      | Reached XP level 1. HP: 19/19 MP: 0/0
   213 | D:1      | Reached XP level 2. HP: 27/27 MP: 1/1
   686 | D:1      | Reached XP level 3. HP: 33/33 MP: 2/2
   695 | D:1      | Reached skill level 3 in Long Blades
  1465 | D:2      | Noticed Terence
  1474 | D:2      | Killed Terence
  1582 | D:2      | Found a sacrificial altar of Ru.
  1674 | D:2      | Noticed Robin
  1696 | D:2      | Killed Robin
  1697 | D:2      | Reached XP level 4. HP: 21/40 MP: 3/3
  2042 | D:2      | Reached skill level 4 in Long Blades
  2283 | D:2      | Identified a scroll of acquirement
  2679 | D:3      | Found Enoxtock's Distillery.
  2697 | D:3      | Bought a potion of degeneration for 13 gold pieces
  2697 | D:3      | Bought a potion of curing for 39 gold pieces
  2829 | D:3      | Found Ruofipedd's Antique Armour Emporium.
  2868 | D:3      | Found a transporter.
  2879 | D:3      | Noticed engelados's ghost (novice OpCj)
  2921 | D:3      | Found a transporter.
  3117 | D:3      | You fall into a shaft and drop 2 floors!
  3117 | D:5      | Entered Level 5 of the Dungeon
  3153 | D:5      | Reached XP level 5. HP: 32/46 MP: 4/4
  3154 | D:5      | Reached skill level 5 in Armour
  3192 | D:5      | Found a white marble altar of Elyvilon.
  3195 | D:5      | Reached skill level 5 in Long Blades
  3233 | D:5      | Found a radiant altar of Vehumet.
  3312 | D:5      | Noticed Edmund
  3318 | D:5      | Found a sand-covered staircase.
  3322 | Ossuary  | Entered an ossuary
  3322 | Ossuary  | Noticed a wraith
  3322 | Ossuary  | Noticed a wraith
  3322 | Ossuary  | Noticed a wraith
  3392 | Ossuary  | Reached XP level 6. HP: 50/53 MP: 5/5
  3510 | Ossuary  | Noticed a wraith
  3521 | Ossuary  | Killed a wraith
  3522 | Ossuary  | Reached skill level 6 in Long Blades
  3731 | D:5      | Killed Edmund
  3732 | D:5      | Reached skill level 7 in Long Blades
  3732 | D:5      | Reached XP level 7. HP: 32/60 MP: 6/6
  3821 | D:4      | Reached skill level 5 in Fighting
  4266 | D:4      | Found an opulent altar of Gozag.
  4647 | D:4      | Found a basalt altar of Yredelemnul.
  4773 | D:4      | Reached XP level 8. HP: 70/70 MP: 7/7
  4782 | D:4      | Reached skill level 8 in Long Blades
  5235 | D:5      | Noticed Prince Ribbit
  5284 | D:5      | Killed Prince Ribbit
  5285 | D:5      | Reached skill level 9 in Long Blades
  5285 | D:5      | Reached skill level 5 in Shields
  5437 | D:5      | Noticed Duvessa
  5437 | D:5      | Noticed Dowan
  5479 | D:5      | Killed Duvessa
  5509 | D:5      | Killed Dowan
  5678 | D:5      | Noticed Pikel
  5703 | D:4      | Killed Pikel
  5704 | D:4      | Reached skill level 10 in Long Blades
  5704 | D:4      | Reached XP level 9. HP: 74/79 MP: 8/8
  5836 | D:5      | Reached skill level 1 in Stealth
  5982 | D:5      | Identified the ring "Benecsil" {rC+ Will++ MP+9 Str+6
                  | Slay-3}
  6767 | D:6      | Found a runed translucent door.
  6768 | D:6      | Noticed Crazy Yiuf
  6777 | D:6      | Killed Crazy Yiuf
  6778 | D:6      | Reached skill level 11 in Long Blades
  7115 | D:7      | Reached skill level 1 in Dodging
  7692 | D:7      | Reached XP level 10. HP: 63/88 MP: 9/9
  7720 | D:7      | Reached skill level 12 in Long Blades
  8023 | D:7      | Found a staircase to the Ecumenical Temple.
  8174 | Temple   | Entered the Ecumenical Temple
  8510 | D:8      | Found a flagged portal.
  8518 | Bailey   | Entered a bailey
  8789 | Bailey   | Found a burning altar of Makhleb.
  8907 | D:8      | Reached skill level 10 in Armour
  9173 | D:8      | Found an iron altar of Okawaru.
  9178 | D:8      | Became a worshipper of Warmaster Okawaru
  9226 | D:8      | Noticed Joseph
  9247 | D:8      | Killed Joseph
  9426 | D:8      | Noticed Erica
  9438 | D:8      | Killed Erica
  9438 | D:8      | Reached * piety under Okawaru
  9439 | D:8      | Reached skill level 13 in Long Blades
  9980 | D:9      | Found a staircase to the Lair.
 10058 | D:9      | Reached skill level 1 in Evocations
 10195 | D:9      | Slain by a gnoll sergeant

Illustrated notes

Levels and vault maps discovered:
D:1:      minmay_arrival_stair_chambers, layout_basic
D:2:      layout_basic, basic_altar, nrook_loot_triangle,
          chequers_serial_rivers_micro_a, hangedman_decor_lopped,
          grunt_decor_arrowhead, grunt_decor_clamped,
          kennysheep_generic_room_11, uniq_terence, uniq_robin
D:3:      layout_loops_corners, serial_shops, nicolae_shop_stone,
          nicolae_square_shop, gammafunk_ghost_stat_death
D:4:      minmay_chambers_of_fours, layout_rooms,
          lemuel_mausoleum_altar_yredelemnul, nicolae_gozag_seed_capital,
          serial_park_tiny_1, hex_tiny, dk_noncrumbling_4,
          minmay_manual_macuahuitl
D:5:      layout_cave_pools, mainiacjoe_overflow_two_lobes,
          nicolae_ossuary_entry_plus, uniq_prince_ribbit1, uniq_pikel,
          uniq_edmund, uniq_duvessa
D:6:      layout_gridville, hangedman_decor_growths, uniq_crazy_yiuf_cottage
D:7:      layout_basic, temple_doors_ab, kennysheep_small_circle
D:8:      layout_gridville, kennysheep_little_box, enter_bailey_1, uniq_erica,
          uniq_joseph
D:9:      layout_rooms, lair_entry_dummy, st_stairs_10, minmay_microvault,
          uniq_maggie
Temple:   bh_familiar_temple

Skill      XL: |  1  2  3  4  5  6  7  8  9 10 |
---------------+-------------------------------+-----
Shields        | 4 5 6 7 |  7.6
Armour         | 4 5 6 7 9 10 | 10.8
Long Blades    | 3 4 5 7 10 11 13 | 13.3
Fighting       | 4 5 7 8 9 |  9.1
Stealth        | 1 |  1.0
Dodging        | 1 |  1.3
Evocations     | 1 |  1.0

Action                     |  1- 3 |  4- 6 |  7- 9 | 10-12 || total
---------------------------+-------+-------+-------+-------++-------
  Melee: Long sword        |    77 |   119 |   386 |   173 ||   755
         Headbutt          |    11 |    29 |    96 |    53 ||   189
         Scimitar          |       |       |       |    74 ||    74
 Invoke: Heroism           |       |       |       |     1 ||     1
  Evoke: Wand              |       |       |       |     7 ||     7
    Use: Potion            |     1 |     3 |       |       ||     4
         Scroll            |       |    14 |     2 |       ||    16
 Armour: Scale mail        |    26 |    10 |       |       ||    36
         Plate armour      |       |    46 |   227 |   139 ||   412
  Dodge: Dodged            |    40 |    42 |    83 |    72 ||   237
  Block: Buckler           |    20 |    32 |    99 |    78 ||   229
